 Dungeon Crawl Stone Soup version 0.21-a0-394-gdc75ea7 (webtiles) character file.

169 KristoblXynda the Sneak (level 5, -1/24 HPs)
             Began as a Spriggan Enchanter on Oct 18, 2017.
             Killed from afar by an orc wizard (10 damage)
             ... with a puff of flame
             ... on level 3 of the Dungeon.
             The game lasted 00:06:08 (3085 turns).

KristoblXynda the Sneak (Spriggan Enchanter)        Turns: 3085, Time: 00:06:09

Health: -1/24      AC:  3    Str:  6    XL:     5   Next: 25%
Magic:  1/11       EV: 18    Int: 20    God:
Gold:   95         SH:  0    Dex: 17    Spells: 4/10 levels left

rFire    . . .     SeeInvis +   a - +2 dagger
rCold    . . .     Gourm    .   (shield restricted)
rNeg     . . .     Faith    .   b - +1 robe
rPois    .         Spirit   .   (helmet restricted)
rElec    .         Reflect  .   (no cloak)
rCorr    .         Harm     .   (gloves unavailable)
MR       .....                  (boots unavailable)
Stlth    +++.......             e - amulet of regeneration
HPRegen  0.48/turn              q - +3 ring of intelligence
MPRegen  0.12/turn              u - +2 ring of strength

@: very quick
A: unfitting armour, see invisible, herbivore 3, speed 3, slow metabolism 2
a: no special abilities


You were on level 3 of the Dungeon.
You were not hungry.

You visited 1 branch of the dungeon, and saw 3 of its levels.

You collected 95 gold pieces.

Inventory:

Hand Weapons
 a - a +2 dagger (weapon)
Missiles
 p - 3 throwing nets (quivered)
Armour
 b - a +1 robe (worn)
Jewellery
 e - an amulet of regeneration (around neck)
 j - an uncursed ring of magical power {unknown}
 q - a +3 ring of intelligence (left hand)
 u - a +2 ring of strength (right hand)
Scrolls
 g - a scroll of teleportation
 h - a scroll of immolation
Potions
 f - a potion of cancellation
 i - 2 potions of degeneration {unknown}
 k - a potion of resistance
 l - a potion of magic {unknown}
 m - a potion of lignification {unknown}
 o - a potion of ambrosia {unknown}
 r - a potion of heal wounds {unknown}
 s - a potion of curing {unknown}
Books
 c - a book of Maledictions

   Spells                             Type                      Level
   a - Corona                         Hexes                        1
   b - Ensorcelled Hibernation        Hexes/Ice                    2
   c - Confuse                        Hexes                        3
   d - Tukima's Dance                 Hexes                        3
   e - Dazzling Spray                 Conjuration/Hexes            3
Comestibles
 d - 2 bread rations
 n - 2 royal jellies
 t - 2 fruits


   Skills:
 + Level 2.7 Short Blades
 - Level 3.0 Dodging
 + Level 6.4 Stealth
 - Level 3.4 Spellcasting
 + Level 5.1 Hexes


You had 4 spell levels left.
You knew the following spells:

 Your Spells              Type           Power        Failure   Level  Hunger
a - Corona                Hex            ###....      1%          1    None
b - Ensorcelled Hibernat  Hex/Ice        ##....       7%          2    ##.....
c - Confuse               Hex            ###.....     4%          3    ###....


Dungeon Overview and Level Annotations

Branches:
Dungeon (3/15)

Altars:
Kikubaaqudgha


Innate Abilities, Weirdness & Mutations

You are very small and have problems with some larger weapons.
You are too small for most types of armour.
You have supernaturally acute eyesight. (SInv)
You are a herbivore.
You cover ground extremely quickly.
You need consume almost no food.


Message History

The orc wizard is lightly wounded.
The orc wizard barely misses you.
You hit the orc wizard.
The orc wizard is lightly wounded.
The orc wizard hits you with a dagger.
You hit the orc wizard.
The orc wizard is moderately wounded.
The orc wizard barely misses you.
You miss the orc wizard.
The orc wizard is moderately wounded.
The orc wizard casts a spell at you. The magic dart hits you!
* * * LOW HITPOINT WARNING * * *
You hit the orc wizard.
The orc wizard is heavily wounded.
The orc wizard hits you with a dagger.
* * * LOW HITPOINT WARNING * * *
The orc wizard points at you and mumbles some strange words.
The puff of flame hits you!
You die...

..o))>.....# #..#
..o##.##)### #..#
...##.##.# #†.# ..###.##)#
#..# #.###.##†# #..#
#..##.##o# #..#####
##.##.##.# #......#
...##.##.###########.##.##
....#.##...o....@....##.#
....#.#################.#
###...# #.# ##..# #.# #..#
#.# ##.# #########.# #.#
#.(.(....)# #.##
#.######### #..# #.#


You could see an orc wizard.

Vanquished Creatures
  3 gnolls (D:2)
  5 adders
  3 oozes
  2 worms (D:2)
  A dart slug (D:2)
  2 leopard geckos
  7 orcs (D:3)
  A bat zombie (D:2)
  4 giant cockroaches
  7 goblins
  9 hobgoblins
  3 jackals (D:2)
  2 ball pythons
  2 bats (D:2)
  A frilled lizard (D:2)
  6 kobolds
  8 rats
  A rat zombie (D:2)
67 creatures vanquished.

Notes
Turn   | Place    | Note
-------+----------+-------------------------------------------
     0 | D:1      | KristoblXynda the Spriggan Enchanter began the quest for the Orb.
     0 | D:1      | Reached XP level 1. HP: 9/9 MP: 5/5
    81 | D:1      | Reached XP level 2. HP: 13/13 MP: 7/7
    85 | D:1      | Learned a level 2 spell: Ensorcelled Hibernation
   313 | D:1      | Reached skill level 5 in Stealth
   611 | D:1      | Reached XP level 3. HP: 16/16 MP: 8/8
  1064 | D:2      | Learned a level 3 spell: Confuse
  1386 | D:2      | Reached XP level 4. HP: 19/21 MP: 7/10
  1626 | D:2      | Found a faded altar of an unknown god.
  1899 | D:2      | Reached skill level 6 in Stealth
  2021 | D:2      | Found an ancient bone altar of Kikubaaqudgha.
  2592 | D:3      | Reached skill level 5 in Hexes
  2592 | D:3      | Reached XP level 5. HP: 20/24 MP: 6/11
  3085 | D:3      | Killed from afar by an orc wizard

Vault maps used:
D:1:      enne_arrival_octagon_isle
D:2:      lemuel_zombie_altar_kikubaaqudgha, chequers_ecumenical_altar_island

Skill      XL: |  1  2  3  4 |
---------------+-------------+-----
Spellcasting   | 3 |  3.4
Hexes          | 4 5 |  5.1
Stealth        | 5 6 |  6.4
Short Blades   | 2 |  2.7
Dodging        | |  3.0

Action                   |  1- 3 |  4- 6 || total
-------------------------+-------+-------++-------
Melee: Dagger            |   160 |   140 ||   300
 Cast: Ensorcelled Hiber |     4 |    29 ||    33
  Use: Scroll            |       |     7 ||     7
 Stab: Sleeping          |    11 |    21 ||    32
       Distracted        |     1 |       ||     1
  Eat: Fruit             |       |     2 ||     2
Armor: Robe              |    14 |    10 ||    24
Dodge: Dodged            |   120 |   130 ||   250

Table legend:
 A = Spawn XP
 B = Non-spawn XP
 C = Spawn XP percentage of total XP
 D = Spawn monster count
 E = Non-spawn monster count
 F = Spawn count percentage of total count
 G = Total turns spent on level
                    A         B        C        D         E        F      G
               +---------+---------+-------+---------+---------+-------+---------
         Total |       0 |     242 |   0.0 |       0 |      67 |   0.0 |  3085
               +---------+---------+-------+---------+---------+-------+---------
           D:1 |       0 |      43 |   0.0 |       0 |      18 |   0.0 |  1007
           D:2 |       0 |     145 |   0.0 |       0 |      33 |   0.0 |  1502
           D:3 |       0 |      54 |   0.0 |       0 |      16 |   0.0 |   576
               +---------+---------+-------+---------+---------+-------+---------
